 Dungeon Crawl Stone Soup version 0.30-b1-2-g02819fbbbe (webtiles) character file.

Game seed: 6317612652875429490

2 ventricule the Sneak (level 1, 0/20 HPs)
             Began as a Minotaur Delver on May 6, 2023.
             Splashed by a jelly's acid (4 damage)
             ... on level 5 of the Dungeon.
             The game lasted 00:00:15 (53 turns).

ventricule the Sneak (Minotaur Delver)                Turns: 53, Time: 00:00:16

Health: 0/20       AC: -1    Str: 16    XL:     1   Next: 33%
Magic:  0/0        EV: 11    Int:  7    God:
Gold:   8          SH:  0    Dex: 11    Spells: 0/0 levels left

rFire   . . .        a - +0 hand axe
rCold   . . .        (no shield)
rNeg    . . .        b - +0 leather armour
rPois   .            (helmet restricted)
rElec   .            (no cloak)
rCorr   .            (no gloves)
SInv    .            (no boots)
Will    .....        (no amulet)
Stlth   ++           (no ring)
HPRegen 0.23/turn    (no ring)
MPRegen 0.07/turn

%: no passive effects
@: corroded
A: horns 2, retaliatory headbutt
a: no special abilities


You were on level 5 of the Dungeon.
You visited 1 branch of the dungeon, and saw 2 of its levels.

You collected 8 gold pieces.

Inventory:

Hand Weapons
 a - a +0 hand axe (weapon)
Armour
 b - a +0 leather armour (worn)
Wands
 g - a wand of digging (3)
Scrolls
 c - a scroll of fog
 d - a scroll of magic mapping
 e - a scroll of fear
 h - a scroll of enchant armour {unknown}
Potions
 f - a potion of haste


   Skills:
 + Level 3.7 Fighting
 + Level 2.5 Axes
 + Level 2.2 Dodging
 + Level 4.1 Stealth


You couldn't memorise any spells.
You didn't know any spells.
Your spell library was empty.

Dungeon Overview and Level Annotations

Branches:
Dungeon (5/15)
 Temple: D:4-7

Altars:

Annotations:
D:4 Eustachio


Innate Abilities, Weirdness & Mutations

You have a pair of horns on your head.
You reflexively headbutt those who attack you in melee.


Message History

Welcome, ventricule the Minotaur Delver.
The sublime Orb of Zot lies far below, as if waiting for you to find it.
Press ? for a list of commands and other information.
Found a scroll labelled TAEMME ORHIVA.
Found two stone staircases leading down and a stone staircase leading up.
Found 8 gold pieces.
h - a scroll labelled TAEMME ORHIVA
There is a stone staircase leading up here.
You climb upwards.
The ball python hisses angrily.
Found 5 poisoned darts and a leather armour.
There is a stone staircase leading down here.
You climb downwards.
There is a stone staircase leading up here.
Found 5 stones.
You now have 8 gold pieces.
You see here 5 stones.
A dart slug comes into view.
Found a stone staircase leading up.
A jelly comes into view.
The dart slug launches a dart at you. The slug dart misses you.
You hit the dart slug.
The dart slug is heavily wounded.
The jelly quivers.
The dart slug bites you but does no damage.
You hit the dart slug but do no damage.
The dart slug is heavily wounded.
The dart slug bites you.
You hit the dart slug.
You kill the dart slug!
You hit the jelly.
Your hands burn!
You headbutt the jelly.
The jelly is heavily wounded.
The jelly hits you but does no damage. The jelly hits you.
The acid corrodes you!
You are splashed with acid!
Ouch! That really hurt!
* * * LOW HITPOINT WARNING * * *
You are too injured to fight recklessly!
You hit the jelly.
Your hands burn!
You die...

###########.#
....(....##.# ..#
########.##.# ...
#####.##.#####..#
#...............#
#..........#####..##
# ###.###.#..# ...
... #
#.#..#####.#.<#.#
#.#......@J.....#
#.#......†.......
#.######...#.#.#.
#.# #.### .. #.# .#
..# .. ### #


You could see a jelly.

Vanquished Creatures
  A dart slug (D:5)
1 creature vanquished.

Notes
Turn   | Place    | Note
-------+----------+-------------------------------------------
     0 | D:5      | ventricule the Minotaur Delver began the quest for the Orb.
     0 | D:5      | Reached XP level 1. HP: 19/19 MP: 0/0
     9 | D:4      | Noticed Eustachio
    46 | D:5      | Noticed a jelly
    53 | D:5      | Splashed by a jelly's acid

Illustrated notes

Levels and vault maps discovered:
D:4:      layout_layer_cave, chequers_temple_overflow_minitemple, uniq_duvessa,
          uniq_sigmund, uniq_eustachio
D:5:      layout_loops_ring, gammafunk_temple_overflow_arena,
          minmay_temple_entry_drinking_statues, chequers_arboretum, uniq_grinder

Action                     || total
---------------------------++-------
  Melee: Hand axe          ||     5
         Headbutt          ||     1
 Armour: Leather armour    ||     2
  Dodge: Dodged            ||     1
